 Dungeon Crawl Stone Soup version 0.30-a0-1035-g38d5fb2972 (webtiles) character file.

Game seed: 14374104707811088481

1764 cheesebisquit the Cleaver (level 9, -2/82 HPs)
             Began as a Hill Orc Fighter on Apr 8, 2023.
             Slain by an ogre
             ... wielding a +0 giant spiked club
              (19 damage)
             ... on level 5 of the Dungeon.
             The game lasted 00:18:45 (6321 turns).

cheesebisquit the Cleaver (Hill Orc Fighter)        Turns: 6321, Time: 00:18:46

Health: -2/82      AC: 14    Str: 23    XL:     9   Next: 7%
Magic:  9/9        EV:  6    Int:  8    God:
Gold:   266        SH:  6    Dex: 10    Spells: 8/8 levels left

rFire   . . .      SeeInvis .    a - +0 war axe
rCold   . . .      Faith    .    c - +1 buckler
rNeg    . . .      Spirit   .    s - +0 plate armour
rPois   .          Reflect  .    (no helmet)
rElec   .          Rampage  .    y - +0 cloak
rCorr   .                        (no gloves)
Will    .....                    (no boots) Stlth
                                 (no amulet)
HPRegen 0.33/turn                (no ring)
MPRegen 0.11/turn                (no ring)

@: no status effects
A: no striking features
a: no special abilities


You were on level 5 of the Dungeon.
You visited 1 branch of the dungeon, and saw 5 of its levels.
You also visited: Sewer.

You collected 266 gold pieces.

Inventory:

Hand Weapons
 a - a +0 war axe (weapon)
 t - the +3 rapier of Ganercho {drain, Str+3 Int+2 Dex-2 Stlth+}
   (You found it on level 3 of the Dungeon)

   Str:       It affects your strength (+3).
   Int:       It affects your intelligence (+2).
   Dex:       It affects your dexterity (-2).
   Stlth:     It makes you more stealthy.
Missiles
 e - 3 poisoned darts
 q - 2 boomerangs (quivered)
Armour
 b - a +0 scale mail
 c - a +1 buckler (worn)
 s - a +0 plate armour (worn)
 y - a +0 cloak (worn)
Scrolls
 d - a scroll of noise {unknown}
 f - 3 scrolls of teleportation
 g - 2 scrolls of enchant armour
 h - a scroll of enchant weapon {unknown}
 j - 3 scrolls of fear
 k - a scroll of magic mapping {unknown}
 l - a scroll of vulnerability {unknown}
 m - a scroll of silence {unknown}
 n - a scroll of immolation {unknown}
 p - 2 scrolls of poison {unknown}
 r - a scroll of fog {unknown}
 w - a scroll of acquirement {unknown}
Potions
 i - a potion of resistance
 o - a potion of curing
 u - a potion of brilliance
 v - a potion of cancellation {unknown}
 x - 5 potions of flight


   Skills:
 + Level 8.4 Fighting
 + Level 8.5 Axes
 + Level 7.5 Armour
 - Level 5.0 Shields


You had 8 spell levels left.
You didn't know any spells.
Your spell library contained the following spells:

 Spells                   Type           Power      Damage    Failure   Level
 Sting                    Tmut/Pois      0%         1d3       100%        1
 Poisonous Vapours        Pois/Air       0%         N/A       100%        2
 Ozocubu's Armour         Ice            0%         N/A       100%        3
 Olgreb's Toxic Radiance  Pois           0%         N/A       100%        4
 Metabolic Englaciation   Hex/Ice        0%         N/A       100%        5
 Simulacrum               Ice/Necr       0%         N/A       100%        6
 Ozocubu's Refrigeration  Ice            0%         4d7       100%        7


Dungeon Overview and Level Annotations

Branches:
Dungeon (5/15)              Sewer (visited)
 Temple: D:4-7

Altars:
Ashenzari
Elyvilon
Fedhas
Nemelex Xobeh
Sif Muna
Trog
Vehumet
Wu Jian

Shops:
D:1 (


Message History

You feel as though you will be weak longer.
The gnoll bouda completely misses you.
You closely miss the gnoll bouda.
The gnoll bouda is almost dead.
You block the gnoll bouda's attack.
You slash the gnoll bouda!
You kill the gnoll bouda!
You hit the gnoll.
The gnoll is heavily wounded.
The gnoll hits you but does no damage. The gnoll closely misses you.
You hit the gnoll.
The gnoll is heavily wounded.
The gnoll is no longer moving quickly. x2
The gnoll hits you but does no damage. x2; The gnoll hits you with a +0 flail.
You hit the gnoll.
You kill the gnoll!
The gnoll hits you but does no damage. The gnoll hits you but does no damage.
Items here: )))) [ †.
You barely miss the gnoll. The gnoll hits you but does no damage.
You closely miss the gnoll. The gnoll hits you but does no damage.
You slash the gnoll!
You kill the gnoll!
You hit the gnoll.
The gnoll is heavily wounded.
The gnoll hits you with a +0 flail. You block the gnoll's attack.
You slash the gnoll!
You kill the gnoll!
The ogre hits you with a +0 giant spiked club!!
You hit the ogre.
The ogre is moderately wounded.
Your attacks no longer feel as feeble.
You slash the ogre!
The ogre is severely wounded.
The ogre hits you with a +0 giant spiked club!!
* * * LOW HITPOINT WARNING * * *
You barely miss the ogre.
The ogre is severely wounded.
The ogre hits you with a +0 giant spiked club!!
You die...

#.# # #.## # #..#### ##.....
#.#### #>.... #####.
######### ####. #..@O...#
#.... #(#####.# #.##. #.#
#.### ####### #.# #.###
#.....# #.# #....
#.###.###.# #####
#.#.......#
#.##########################
#...........................


You could see an ogre.

Vanquished Creatures
  Pikel (D:3)
  Grinder (D:3)
  A black bear (D:4)
  2 lemures (D:3)
  A phantom (D:3)
  A gnoll sergeant (D:5)
  2 scorpions (D:4)
  A jelly (D:4)
  2 orc priests
  A hound (D:5)
  Crazy Yiuf (D:3)
  Jessica (D:3)
  2 gnoll boudas (D:5)
  An iguana (D:3)
  2 orc wizards
  A sickly merfolk siren (Sewer)
  A malarious merfolk avatar (Sewer)
  Robin (D:2)
  13 gnolls
  8 adders
  6 river rats
  An ufetubus (D:5)
  A worm (D:2)
  3 dart slugs
  4 orcs
  8 bats
  7 endoplasms
  16 giant cockroaches
  14 goblins
  13 hobgoblins
  3 jackals (D:3)
  5 quokkas
  4 ball pythons
  8 frilled lizards
  10 kobolds
  21 rats
168 creatures vanquished.

Vanquished Creatures (others)
  A butterfly (D:4)
  18 plants (D:2)
19 creatures vanquished.

Grand Total: 187 creatures vanquished

Notes
Turn   | Place    | Note
-------+----------+-------------------------------------------
     0 | D:1      | cheesebisquit the Hill Orc Fighter began the quest for the
                  | Orb.
     0 | D:1      | Reached XP level 1. HP: 19/19 MP: 1/1
    65 | D:1      | Reached XP level 2. HP: 23/27 MP: 2/2
   288 | D:1      | Reached XP level 3. HP: 33/33 MP: 3/3
   486 | D:1      | Found Jockeh's Weapon Boutique.
  1127 | D:2      | Reached XP level 4. HP: 40/40 MP: 4/4
  1204 | D:2      | Noticed Robin
  1223 | D:2      | Killed Robin
  2211 | D:3      | Noticed a phantom
  2315 | D:3      | Found an ornate altar of the Wu Jian Council.
  2321 | D:3      | Reached XP level 5. HP: 47/47 MP: 5/5
  2397 | D:3      | Identified the +3 rapier of Ganercho {drain, Str+3 Int+2
                  | Dex-2 Stlth+}
  2626 | D:3      | Noticed Grinder
  2781 | D:3      | Noticed Jessica
  2786 | D:3      | Killed Jessica
  2844 | D:3      | Killed a phantom
  2845 | D:3      | Reached skill level 5 in Fighting
  2845 | D:3      | Reached XP level 6. HP: 52/56 MP: 6/6
  2892 | D:3      | Found a runed translucent door.
  2893 | D:3      | Noticed Crazy Yiuf
  3033 | D:3      | Killed Grinder
  3034 | D:3      | Reached skill level 5 in Axes
  3034 | D:3      | Reached skill level 5 in Armour
  3034 | D:3      | Reached skill level 5 in Shields
  3310 | D:4      | Reached XP level 7. HP: 60/62 MP: 7/7
  3317 | D:4      | Found a radiant altar of Vehumet.
  3318 | D:4      | Found a blossoming altar of Fedhas.
  3369 | D:4      | Found a sparkling altar of Nemelex Xobeh.
  3446 | D:4      | Found a white marble altar of Elyvilon.
  3730 | D:4      | Found a glowing drain.
  3734 | Sewer    | Entered a sewer
  4683 | D:4      | Found a bloodstained altar of Trog.
  4713 | D:4      | Found a broken altar of Ashenzari.
  4726 | D:4      | Found a shimmering blue altar of Sif Muna.
  4968 | D:3      | Killed Crazy Yiuf
  5046 | D:4      | Noticed Pikel
  5069 | D:3      | Killed Pikel
  5070 | D:3      | Reached XP level 8. HP: 8/73 MP: 8/8
  5474 | D:5      | Entered Level 5 of the Dungeon
  5974 | D:5      | Reached XP level 9. HP: 26/81 MP: 9/9
  6321 | D:5      | Slain by an ogre

Illustrated notes

Levels and vault maps discovered:
D:1:      noname_arrival_rooms_in_the_neighbourhood, layout_rooms, serial_shops,
          shop, chequers_mini_garden, feat_on_display
D:2:      layout_basic, roderic_serpentine_path, wad_woods_river_04, uniq_robin
D:3:      layout_basic, pdpol_wu_jian_five_deadly_venoms, uniq_jessica,
          uniq_grinder, uniq_crazy_yiuf_cottage
D:4:      layout_loops_ring, nicolae_overflow_quartered_altars,
          nicolae_elyvilon_peaceful_grove, mainiacjoe_overflow_catwalk_spiral,
          gup_sewer_entry_spiral, uniq_pikel
D:5:      layout_basic, minmay_temple_entry_statues_fountains, minivault_25,
          minmay_crystal_water, uniq_ijyb

Skill      XL: |  1  2  3  4  5  6  7  8 |
---------------+-------------------------+-----
Axes           | 3 4 5 7 8 |  8.5
Fighting       | 4 5 7 8 |  8.4
Shields        | 4 5 |  5.0
Armour         | 4 5 6 7 |  7.5

Action                     |  1- 3 |  4- 6 |  7- 9 || total
---------------------------+-------+-------+-------++-------
  Melee: War axe           |   109 |   166 |   305 ||   580
  Throw: Boomerang         |       |    48 |    97 ||   145
    Use: Scroll            |       |     7 |     2 ||     9
         Potion            |       |     1 |     2 ||     3
 Armour: Scale mail        |    61 |    50 |   140 ||   251
         Plate armour      |       |       |    16 ||    16
  Dodge: Dodged            |    49 |    74 |   127 ||   250
  Block: Buckler           |    28 |    26 |   101 ||   155

Table legend: (Time is in decaauts)
 A = Elapsed time spent in this place.
 B = Non-inter-level travel time spent in this place.
 C = Inter-level travel time spent in this place.
 D = Time resting spent in this place.
 E = Time spent auto-exploring this place.
 F = Levels seen in this place.
 G = Mean time per level.
                   A        B        C        D        E       F      G
               +--------+--------+--------+--------+--------+-----+--------+
         Total |   6624 |   6248 |    376 |    109 |   4585 |   6 | 1104.0 |
       Dungeon |   5966 |   5590 |    376 |    109 |   4154 |   5 | 1193.2 |
         Sewer |    658 |    658 |      0 |      0 |    430 |   1 |  658.0 |
               +--------+--------+--------+--------+--------+-----+--------+

Top non-repeatable levels by time:
     D:3: 1551 daAuts
     D:2: 1498 daAuts
     D:4: 1412 daAuts
     D:1: 767 daAuts
     D:5: 735 daAuts
   Sewer: 658 daAuts
